 Dungeon Crawl Stone Soup version 0.30-a0-1074-g5db6f66fbb (webtiles) character file.

Game seed: 769805185175551126

93 Querens the Shield-Bearer (level 4, -1/37 HPs)
             Began as a Formicid Fighter on Apr 14, 2023.
             Killed by divine providence
             ... invoked by an orc priest
              (11 damage)
             ... on level 3 of the Dungeon.
             The game lasted 00:05:13 (1169 turns).

Querens the Shield-Bearer (Formicid Fighter)        Turns: 1169, Time: 00:05:14

Health: -1/37      AC:  7    Str: 23    XL:     4   Next: 91%
Magic:  4/4        EV:  7    Int:  7    God:
Gold:   61         SH: 15    Dex: 13    Spells: 3/3 levels left

rFire   . . .      SeeInvis +    a - +0 war axe
rCold   . . .      Faith    .    n - +2 tower shield
rNeg    . . .      Spirit   .    b - +0 scale mail
rPois   .          Reflect  .    (helmet unavailable)
rElec   .          Rampage  .    (no cloak)
rCorr   .                        (no gloves)
Will    .....                    (no boots) Stlth
                                 (no amulet)
HPRegen 0.26/turn                (no ring)
MPRegen 0.09/turn                (no ring)

@: no status effects
A: permanent stasis, dig shafts and tunnels, antennae 3, four strong arms
a: Dig, Shaft Self


You were on level 3 of the Dungeon.
You visited 1 branch of the dungeon, and saw 3 of its levels.

You collected 61 gold pieces.

Inventory:

Hand Weapons
 a - a +0 war axe (weapon)
Armour
 b - a +0 scale mail (worn)
 n - a +2 tower shield (worn)
 o - a +0 plate armour
Jewellery
 h - an amulet of faith
Scrolls
 c - a scroll of amnesia {unknown}
 e - a scroll of fog {unknown}
 g - a scroll of enchant armour {unknown}
 j - a scroll of identify {unknown}
 k - 3 scrolls of teleportation {unknown}
 p - a scroll of brand weapon {unknown}
Potions
 d - 2 potions of might
 f - a potion of resistance
 i - 2 potions of mutation {unknown}
 l - a potion of berserk rage {unknown}
 m - 2 potions of heal wounds {unknown}
 q - a potion of brilliance {unknown}


   Skills:
 + Level 4.0 Fighting
 * Level 2.8 Axes
 + Level 3.9 Armour
 * Level 5.0 Shields


You had 3 spell levels left.
You didn't know any spells.
Your spell library was empty.

Dungeon Overview and Level Annotations

Branches:
Dungeon (3/15)

Altars:


Innate Abilities, Weirdness & Mutations

You cannot be hasted, slowed, berserked, paralysed or teleported.
You can dig through walls and to a lower floor.
You have a pair of large antennae on your head. (SInv)
Your four strong arms can wield two-handed weapons with a shield.


Message History

You barely miss the orc.
An orc comes into view. It is wielding a +0 hand axe.
You block the orc's attack. The orc hits you with a +0 dagger.
You hit the orc.
The orc is severely wounded.
An orc wizard comes into view. It is wielding a +0 dagger.
The orc hits you but does no damage.
You slash the orc!
You kill the orc!
You block the orc's attack.
You closely miss the orc. The orc hits you but does no damage.
You block the orc's attack.
You slash the orc!
You kill the orc!
You slash the orc priest!
The orc priest is heavily wounded.
The orc priest hits you but does no damage.
The orc priest hits you with a +0 short sword.
You barely miss the orc priest.
The orc priest is heavily wounded.
The orc priest hits you with a +0 short sword.
The orc priest calls down the wrath of Beogh upon you.
Beogh smites you!
You hit the orc priest.
The orc priest is severely wounded.
The orc priest calls down the wrath of Beogh upon you.
Beogh smites you!
* * * LOW HITPOINT WARNING * * *
You are too injured to fight recklessly!
You are too injured to fight recklessly!
You are too injured to fight recklessly!
You hit the orc priest but do no damage.
The orc priest is severely wounded.
You block the orc priest's attack. x2
You hit the orc priest but do no damage.
The orc priest is severely wounded.
The orc priest hits you but does no damage.
The orc priest invokes the aid of Beogh against you.
Beogh smites you!
You die...

#.# #.# #.#
#.# #o# #o#
#o# #@# #.#
#.# #.# #.#
#.# #.#
####.#.#####
#...........#


You could see an orc priest, an orc wizard and an orc.

Vanquished Creatures
  A gnoll (D:1)
  An adder (D:2)
  A worm (D:3)
  A dart slug (D:2)
  2 orcs (D:3)
  11 ball pythons
  6 bats
  5 endoplasms
  6 giant cockroaches (D:2)
  4 goblins
  6 hobgoblins
  7 jackals (D:2)
  A quokka (D:1)
  2 frilled lizards
  3 kobolds
  4 rats
61 creatures vanquished.

Notes
Turn   | Place    | Note
-------+----------+-------------------------------------------
     0 | D:1      | Querens the Formicid Fighter began the quest for the Orb.
     0 | D:1      | Reached XP level 1. HP: 18/18 MP: 1/1
   193 | D:1      | Reached XP level 2. HP: 21/24 MP: 2/2
   326 | D:1      | Reached XP level 3. HP: 27/29 MP: 3/3
   707 | D:2      | Found a faded altar of an unknown god.
   727 | D:2      | Reached XP level 4. HP: 19/37 MP: 4/4
  1053 | D:3      | Reached skill level 5 in Shields
  1169 | D:3      | Killed from afar by an orc priest

Illustrated notes

Levels and vault maps discovered:
D:1:      dpeg_arrival_connections, layout_loops_ring,
          minmay_misc_feat_more_columns, minmay_shallow_snake_nest
D:2:      layout_rooms, basic_ecumenical_altar, minmay_worlds_worst_comb
D:3:      layout_basic, chequers_serial_rivers_micro_b, uniq_sigmund,
          uniq_terence, uniq_grinder, uniq_robin

Skill      XL: |  1  2  3  4 |
---------------+-------------+-----
Fighting       | 4 |  4.0
Shields        | 5 |  5.0
Axes           | |  2.8
Armour         | |  3.9

Action                     |  1- 3 |  4- 6 || total
---------------------------+-------+-------++-------
  Melee: War axe           |    68 |    80 ||   148
Ability: Dig               |     1 |       ||     1
 Armour: Scale mail        |    38 |    54 ||    92
  Dodge: Dodged            |    32 |    35 ||    67
  Block: Buckler           |    17 |    15 ||    32
         Tower shield      |       |    45 ||    45

Table legend: (Time is in decaauts)
 A = Elapsed time spent in this place.
 B = Non-inter-level travel time spent in this place.
 C = Inter-level travel time spent in this place.
 D = Time resting spent in this place.
 E = Time spent auto-exploring this place.
 F = Levels seen in this place.
 G = Mean time per level.
                   A        B        C        D        E       F      G
               +--------+--------+--------+--------+--------+-----+--------+
         Total |   1241 |   1179 |     62 |      0 |      0 |   3 |  413.7 |
       Dungeon |   1241 |   1179 |     62 |      0 |      0 |   3 |  413.7 |
               +--------+--------+--------+--------+--------+-----+--------+

Top non-repeatable levels by time:
     D:1: 728 daAuts
     D:2: 372 daAuts
     D:3: 141 daAuts
